 Dungeon Crawl Stone Soup version 0.30.0 (webtiles) character file.

Game seed: 13628170080066901737

19 Kes the Chucker (level 2, -3/19 HPs)
             Began as a Human Wanderer on May 6, 2023.
             Slain by a kobold
             ... wielding a +0 dagger
              (4 damage)
             ... on level 1 of the Dungeon.
             The game lasted 00:03:03 (293 turns).

Kes the Chucker (Human Wanderer)                     Turns: 293, Time: 00:03:03

Health: -3/19      AC:  2    Str: 13    XL:     2   Next: 95%
Magic:  5/5        EV: 11    Int: 14    God:
Gold:   8          SH:  0    Dex:  9    Spells: 5/5 levels left

rFire   . . .        f - +0 hand axe
rCold   . . .        (no shield)
rNeg    . . .        d - +0 robe
rPois   .            (no helmet)
rElec   .            (no cloak)
rCorr   .            (no gloves)
SInv    .            (no boots)
Will    .....        (no amulet)
Stlth   +            (no ring)
HPRegen 0.23/turn    (no ring)
MPRegen 0.09/turn

%: no passive effects
@: no status effects
A: no striking features
a: no special abilities


You were on level 1 of the Dungeon.
You visited 1 branch of the dungeon, and saw 1 of its levels.

You collected 8 gold pieces.

Inventory:

Hand Weapons
 a - a +0 dagger
 f - a +0 hand axe (weapon)
Missiles
 b - 13 poisoned darts (quivered)
Armour
 d - a +0 robe (worn)
Scrolls
 g - a scroll of fear {unknown}
 h - a scroll of magic mapping {unknown}
Potions
 c - a potion of berserk rage
 e - a potion of curing {unknown}


   Skills:
 + Level 0.1 Fighting
 + Level 3.3 Throwing
 + Level 1.0 Armour
 + Level 2.1 Spellcasting
 + Level 2.3 Conjurations
 + Level 2.3 Poison Magic


You had 5 spell levels left.
You didn't know any spells.
Your spell library contained the following spells:

 Spells                   Type           Power      Damage    Failure   Level
 Foxfire                  Conj/Fire      16%        2x1d4     14%         1
 Sting                    Tmut/Pois      16%        1d3       14%         1
 Mephitic Cloud           Conj/Pois/Air  5%         N/A       36%         3
 Hailstorm                Conj/Ice       4%         3d4       41%         3
 Fulminant Prism          Conj/Hex       2%         3d5       82%         4


Dungeon Overview and Level Annotations

Branches:
Dungeon (1/15)

Altars:


Message History

The gnoll closely misses you. The gnoll hits you but does no damage.
You barely miss the gnoll.
The gnoll is almost dead.
The gnoll hits you with a +0 whip.
* * * LOW HITPOINT WARNING * * *
You closely miss the gnoll.
The gnoll is almost dead.
The gnoll hits you with a +0 whip.
* * * LOW HITPOINT WARNING * * *
You hit the gnoll.
You kill the gnoll!
You start resting.
A bat comes into view.
A bat is nearby!
You see here a +0 whip.
Found a book of Debilitation.
The bat barely misses you.
A kobold comes into view. It is wielding a +0 dagger.
Found a stone staircase leading down.
The bat hits you but does no damage.
You closely miss the bat. The bat hits you but does no damage.
The kobold throws a stone.
The stone hits you.
* * * LOW HITPOINT WARNING * * *
The bat hits you.
* * * LOW HITPOINT WARNING * * *
You closely miss the bat. The bat closely misses you.
The bat hits you but does no damage. x2
You barely miss the bat. The bat closely misses you. The bat misses you.
The kobold throws a stone.
The stone barely misses you. The bat hits you.
* * * LOW HITPOINT WARNING * * *
You closely miss the bat. The bat misses you. The bat closely misses you.
You barely miss the bat. You barely miss the kobold. The bat hits you.
* * * LOW HITPOINT WARNING * * *
The kobold hits you but does no damage. The bat hits you.
* * * LOW HITPOINT WARNING * * *
The kobold hits you with a +0 dagger.
* * * LOW HITPOINT WARNING * * *
You barely miss the kobold. You barely miss the bat.
The bat hits you but does no damage. The kobold hits you with a +0 dagger.
You die...

#...# .# #...#
.###... #...#
#######.......
##.## #.)....#
###.######.####.#
#.............#.#
#....######.##.#.#
........# #.##b#.#
.###....# #..@...#
####># ###K####
#.# #.# ... #.#
... #.# #># #.#
...


You could see a bat and a kobold.

Vanquished Creatures
  A gnoll (D:1)
  A bat (D:1)
  An endoplasm (D:1)
  A goblin (D:1)
  4 jackals (D:1)
8 creatures vanquished.

Notes
Turn   | Place    | Note
-------+----------+-------------------------------------------
     0 | D:1      | Kes the Human Wanderer began the quest for the Orb.
     0 | D:1      | Kes set off with the following items: a +0 dagger, 14
                  | poisoned darts, a potion of berserk rage, a +0 robe; and
                  | the following spells available to memorise: Foxfire, Sting,
                  | Mephitic Cloud, Hailstorm, Fulminant Prism.
     0 | D:1      | Reached XP level 1. HP: 13/13 MP: 3/3
   169 | D:1      | Reached XP level 2. HP: 13/19 MP: 5/5
   293 | D:1      | Slain by a kobold

Illustrated notes

Levels and vault maps discovered:
D:1:      eino_arrival_water_star, layout_loops_cross,
          ebering_ecumenical_altar_webs

Action                     || total
---------------------------++-------
  Melee: Hand axe          ||    32
  Throw: Dart              ||     7
 Armour: Robe              ||    15
  Dodge: Dodged            ||    26
